 Dungeon Sprint DCSS version 0.17-a0-1667-g4ca74a1 (webtiles) character file.

4638 Kidiri the Unseen (level 10, -1/44 HPs)
             Began as a Spriggan Enchanter on Aug 17, 2015.
             Was a Priest of Dithmenos.
             Slain by a tentacle (19 damage)
             ... attached to a kraken
             ... in the Dungeon (Sprint II: "The Violet Keep of Menkaure").
             The game lasted 00:13:39 (2184 turns).

Kidiri the Unseen (Spriggan Enchanter)              Turns: 2184, Time: 00:13:39

Health: -1/44      AC:  3    Str:  4    XL:     10   Next: 20%
Magic:  18/27      EV: 31    Int: 19    God:    Dithmenos [***...]
Gold:   1011       SH:  0    Dex: 18    Spells: 10 memorised, 5 levels left

rFire  x . .     SeeInvis +     a - +1 dagger
rCold  + . .     Clarity  .     b - +1 robe
rNeg   . . .     SustAt   .     (shield restricted)
rPois  .         Gourm    .     (helmet restricted)
rElec  .         Spirit   .     (no cloak)
rCorr  .         Warding  .     (gloves unavailable)
rMut   .         NoTele   +     (boots unavailable)
MR     +....                    (no amulet)
Stlth  ++++++....               (no ring)
                                m - ring of ice

@: slowed, wreathed by umbra, quick, somewhat resistant to hostile enchantments,
very stealthy
A: unfitting armour, see invisible, herbivore 3, speed 3, slow metabolism 2
a: Shadow Step, Renounce Religion


You were in the Dungeon.
You worshipped Dithmenos.
Dithmenos was most pleased with you.
You were not hungry.

You visited 1 branch You collected 1431 gold pieces.
You spent 420 gold pieces at shops.

Inventory:

Hand weapons
 a - a +1 dagger (weapon)
Armour
 b - a +1 robe (worn)
Jewellery
 m - a ring of ice (left hand)
Scrolls
 j - a scroll of fog
 q - a scroll of amnesia {unknown}
 r - 4 scrolls of remove curse {unknown}
 u - a scroll of random uselessness {unknown}
Potions
 e - a potion of curing
 f - a potion of heal wounds
 g - a potion of haste
 h - 5 potions of magic
 i - a potion of berserk rage
 l - a potion of lignification
 n - 3 potions of resistance
 p - 3 potions of flight
 t - 4 potions of might
Books
 c - a book of Geomancy

   Spells                             Type                      Level
   a - Sandblast                      Earth                        1
   b - Stoneskin                      Transmutation/Earth          2
   c - Passwall                       Transmutation/Earth          3
   d - Stone Arrow                    Conjuration/Earth            3
   e - Petrify                        Transmutation/Earth          4
   f - Lee's Rapid Deconstruction     Earth                        5
Comestibles
 d - 2 bread rations
 s - 2 fruits


   Skills:
 + Level 8.2 Short Blades
 * Level 14.6 Dodging
 * Level 15.8 Stealth
 * Level 12.6 Spellcasting
 + Level 5.1 Conjurations
 + Level 9.5 Hexes
 + Level 5.6 Transmutations
 + Level 5.7 Ice Magic
 + Level 3.9 Earth Magic
 + Level 4.4 Invocations


You had 5 spell levels left.
You knew the following spells:

 Your Spells              Type           Power        Failure   Level  Hunger
a - Corona                Hex            #####..      1%          1    None
b - Ensorcelled Hibernat  Hex/Ice        ######       1%          2    None
c - Confuse               Hex            #####...     1%          3    None
d - Tukima's Dance        Hex            #####...     1%          3    None
e - Dazzling Spray        Conj/Hex       #####...     1%          3    None
f - Stoneskin             Trmt/Erth      ####....     1%          2    None
g - Stone Arrow           Conj/Erth      ####..       2%          3    None
h - Passwall              Trmt/Erth      ####......   2%          3    None
i - Petrify               Trmt/Erth      ####....     12%         4    #......
j - Lee's Rapid Deconstr  Erth           ####......   34%         5    ####...


Dungeon Overview and Level Annotations

Branches:
Dungeon (1/1)

Altars:
Cheibriados
Dithmenos
Elyvilon
Fedhas
Gozag
Kikubaaqudgha
Makhleb
Nemelex Xobeh
Okawaru
Qazlal
Ru
Sif Muna
Trog
Vehumet
Xom
Yredelemnul
Zin
The Shining One
Beogh
Jiyva
Lugonu

Shops:
D [[:(=(!(*}%=?!:*

Annotations:
D exclusion: oklob plant


Innate Abilities, Weirdness & Mutations

You are tiny and cannot use many weapons and most armour.
You have supernaturally acute eyesight.
You are a herbivore.
You cover ground extremely quickly.
You need consume almost no food.


Message History

Drink which item? (? for menu, Esc to quit)
You feel better. The tentacle closely misses you.
The tentacle closely misses you. The tentacle completely misses you.
The tentacle slaps you. The swamp drake completely misses you.
The tentacle barely misses you. The tentacle slaps you.
Unknown command.
You enter the shallow water.
Moving in this stuff is going to be slow.
The swamp drake breathes noxious fumes at you.
The noxious blast engulfs the tentacle.
The tentacle is engulfed in noxious fumes.
The tentacle slaps you!
The tentacle is engulfed in noxious fumes.
The tentacle completely misses you.
Things that are here:
an arbalest of flaming; 19 bolts The tentacle segment is engulfed in noxious fumes.
The tentacle is engulfed in noxious fumes. x3
The tentacle slaps you!!
You die...

##..#,,***#.*,.#))▓..)..(.%▓▓,⌠,*
.##.####,,+.##†#:§▓..(....[▓▓,,,*
..#....#,,#..†####▓..).%...▓▓,,,*
#####..##*##..##.#▓).......▓▓,,,*
###.##..#,,+^†#..#▓".[..)..▓▓,,,*
##.#.#..#,,#§§#..#▓...).)%.▓▓,⌠,*
.'###+..####8k##§#▓.(%....?▓▓,,,*
##.#.#....###**w##▓▓▓▓▓▓▓+▓▓▓▓+▓*
###.##≈.....§§§w@≈≈≈≈≈(≈≈...≈≈≈▓,
.####≈≈.§.**§#+########+###.≈.≈▓,
..#≈≈≈≈≈≈§**≈#_._.....#≈≈≈##≈≈≈▓,
.##≈≈§≈≈§{{.≈#._._....#≈§§≈####▓▓
##≈≈≈§≈§≈Xw≈≈#_._._...#≈≈§≈≈##..#
≈≈≈≈≈§§≈≈w≈≈≈#._._._..#§§≈§≈§#.[#
+++#≈≈§≈≈≈≈≈≈#_._._.⌠.#§§§≈§≈+..+
§§≈##≈≈§###≈§#._._._..#§§§§≈§#..#
S§§≈**≈≈*,#§≈#.._._._.#≈≈≈≈≈≈▓..#


You could see a kraken, a crystal guardian, 4 tentacles and a swamp drake.

Vanquished Creatures
  2 death drakes (D)
  2 deep trolls (D)
  A yaktaur (D)
  3 polar bears (D)
  A blink frog (D)
  2 boulder beetles (D)
  2 hippogriffs (D)
  Menkaure (D)
  A wasp (D)
  A swamp drake (D)
  4 crocodiles (D)
  4 brain worms (D)
  3 worms (D)
27 creatures vanquished.

Vanquished Creatures (others)
  24 tentacles (D)
  383 tentacle segments (D)
407 creatures vanquished.

Grand Total: 434 creatures vanquished

Notes
Turn   | Place    | Note
--------------------------------------------------------------
     0 | D        | Kidiri the Spriggan Enchanter began the quest for the Orb.
     0 | D        | Reached XP level 1. HP: 9/9 MP: 5/5
     1 | D        | Noticed a brain worm
     7 | D        | Noticed a boulder beetle
     7 | D        | Noticed a boulder beetle
    10 | D        | Noticed a hippogriff
    10 | D        | Noticed a hippogriff
    18 | D        | Killed a brain worm
    18 | D        | Reached skill level 6 in Dodging
    18 | D        | Reached skill level 7 in Stealth
    18 | D        | Reached skill level 5 in Spellcasting
    18 | D        | Reached XP level 2. HP: 7/13 MP: 6/9
    18 | D        | Reached XP level 3. HP: 8/16 MP: 6/10
    18 | D        | Reached XP level 4. HP: 10/21 MP: 7/12
    19 | D        | Noticed a brain worm
    25 | D        | Learned a level 2 spell: Ensorcelled Hibernation
    29 | D        | Learned a level 3 spell: Confuse
    33 | D        | Learned a level 3 spell: Tukima's Dance
    37 | D        | Learned a level 3 spell: Dazzling Spray
   183 | D        | Noticed a brain worm
   183 | D        | Noticed a brain worm
   189 | D        | Killed a brain worm
   189 | D        | Reached skill level 8 in Stealth
   189 | D        | Reached skill level 1 in Conjurations
   189 | D        | Reached skill level 5 in Hexes
   189 | D        | Reached skill level 1 in Ice Magic
   189 | D        | Reached XP level 5. HP: 24/24 MP: 1/14
   290 | D        | Killed a brain worm
   290 | D        | Reached skill level 9 in Stealth
   293 | D        | Killed a brain worm
   293 | D        | Reached skill level 10 in Stealth
   293 | D        | Reached XP level 6. HP: 26/28 MP: 6/17
   458 | D        | Killed a hippogriff
   458 | D        | Reached skill level 5 in Short Blades
   458 | D        | Reached skill level 10 in Dodging
   458 | D        | Reached skill level 11 in Stealth
   461 | D        | Killed a hippogriff
   461 | D        | Reached XP level 7. HP: 32/32 MP: 7/20
   543 | D        | Killed a boulder beetle
   543 | D        | Reached skill level 12 in Stealth
   551 | D        | Killed a boulder beetle
   570 | D        | Noticed an obsidian statue
   572 | D        | Noticed Menkaure
   578 | D        | Killed Menkaure
   578 | D        | Reached skill level 10 in Spellcasting
   741 | D        | Noticed a lava snake
   742 | D        | Noticed a lava snake
   743 | D        | Noticed a lava snake
   744 | D        | Found Raxidgh's General Store.
   745 | D        | Found Uqoeclia's Distillery.
   745 | D        | Found Qinumm's Book Boutique.
   746 | D        | Found Wuced's Jewellery Shop.
   746 | D        | Found Ugaunu Wira's Magic Scroll Shop.
   747 | D        | Found Bara's Gadget Boutique.
   747 | D        | Found Poem's Food Boutique.
   748 | D        | Noticed a blink frog
   750 | D        | Killed a blink frog
   750 | D        | Reached skill level 13 in Stealth
   750 | D        | Reached XP level 8. HP: 36/36 MP: 23/23
   754 | D        | Found Jesac's Weapon Shop.
   756 | D        | Found Ytirod's Assorted Antiques.
   757 | D        | Found Seom Gee's Distillery.
   757 | D        | Found Noase's Antique Weapon Boutique.
   760 | D        | Found Parison's Jewellery Shop.
   760 | D        | Found Itticuba's Weapon Boutique.
   760 | D        | Noticed an ice dragon
   760 | D        | Noticed an oklob plant
   761 | D        | Found Baneqynuno's Antique Armour Shop.
   761 | D        | Found Avunig's Antique Armour Boutique.
   761 | D        | Found Haurif's Book Shoppe.
   774 | D        | Noticed a fire dragon
   778 | D        | Noticed an iron elemental
   787 | D        | Bought a book of Geomancy for 420 gold pieces
   790 | D        | Learned a level 2 spell: Stoneskin
   794 | D        | Learned a level 3 spell: Stone Arrow
   798 | D        | Learned a level 3 spell: Passwall
   803 | D        | Learned a level 4 spell: Petrify
   922 | D        | Noticed a kraken
  1224 | D        | Found a glowing silver altar of Zin.
  1224 | D        | Found a snail-covered altar of Cheibriados.
  1225 | D        | Found an iron altar of Okawaru.
  1225 | D        | Found a corrupted altar of Lugonu.
  1225 | D        | Found a sacrificial altar of Ru.
  1226 | D        | Found a blossoming altar of Fedhas.
  1226 | D        | Found a deep blue altar of Sif Muna.
  1226 | D        | Found a sparkling altar of Nemelex Xobeh.
  1227 | D        | Found a shadowy altar of Dithmenos.
  1227 | D        | Found a burning altar of Makhleb.
  1227 | D        | Found an ancient bone altar of Kikubaaqudgha.
  1227 | D        | Found a bloodstained altar of Trog.
  1228 | D        | Found a shimmering altar of Xom.
  1228 | D        | Found a white marble altar of Elyvilon.
  1229 | D        | Found a roughly hewn altar of Beogh.
  1229 | D        | Found an opulent altar of Gozag.
  1230 | D        | Noticed a swamp drake
  1231 | D        | Noticed a polar bear
  1233 | D        | Found a stormy altar of Qazlal.
  1233 | D        | Found a radiant altar of Vehumet.
  1233 | D        | Found a glowing golden altar of the Shining One.
  1233 | D        | Noticed a wasp
  1234 | D        | Found a viscous altar of Jiyva.
  1234 | D        | Found a basalt altar of Yredelemnul.
  1234 | D        | Noticed a yaktaur
  1238 | D        | Became a worshipper of Dithmenos the Shadowed
  1245 | D        | Noticed a crocodile
  1345 | D        | Noticed a polar bear
  1346 | D        | Noticed a polar bear
  1370 | D        | Killed a polar bear
  1370 | D        | Reached skill level 1 in Transmutations
  1370 | D        | Reached skill level 1 in Invocations
  1372 | D        | Killed a wasp
  1372 | D        | Reached skill level 1 in Earth Magic
  1377 | D        | Killed a yaktaur
  1390 | D        | Killed a polar bear
  1390 | D        | Reached skill level 14 in Stealth
  1392 | D        | Killed a polar bear
  1392 | D        | Reached XP level 9. HP: 13/39 MP: 5/25
  1504 | D        | Learned a level 5 spell: Lee's Rapid Deconstruction
  1602 | D        | Noticed a crocodile
  1611 | D        | Killed a crocodile
  1774 | D        | Noticed a crocodile
  1775 | D        | Killed a crocodile
  1775 | D        | Acquired Dithmenos's first power
  1779 | D        | Killed a crocodile
  1792 | D        | Noticed a crocodile
  1794 | D        | Killed a crocodile
  1794 | D        | Reached skill level 5 in Ice Magic
  1977 | D        | Noticed a flying skull
  1977 | D        | Noticed a flying skull
  1977 | D        | Noticed a flying skull
  1977 | D        | Noticed a flying skull
  1977 | D        | Noticed a flying skull
  1977 | D        | Noticed a flying skull
  1985 | D        | Noticed an electric eel
  1986 | D        | Noticed an electric eel
  1986 | D        | Noticed an electric eel
  1987 | D        | Noticed an electric eel
  2011 | D        | Noticed a deep troll
  2012 | D        | Noticed a deep troll
  2014 | D        | Killed a deep troll
  2015 | D        | Killed a deep troll
  2015 | D        | Acquired Dithmenos's second power
  2015 | D        | Reached skill level 15 in Stealth
  2161 | D        | Noticed a death drake
  2166 | D        | Noticed a swamp drake
  2168 | D        | Noticed a crystal guardian
  2168 | D        | Killed a swamp drake
  2172 | D        | Noticed a death drake
  2172 | D        | Killed a death drake
  2172 | D        | Reached skill level 5 in Conjurations
  2172 | D        | Reached skill level 5 in Transmutations
  2172 | D        | Reached XP level 10. HP: 44/44 MP: 19/27
  2177 | D        | Killed a death drake
  2184 | D        | Slain by a tentacle

Vault maps used:
D:        the_violet_keep_of_menkaure

Action                   |  1- 3 |  4- 6 |  7- 9 | 10-12 || total
-------------------------+-------+-------+-------+-------++-------
Melee: Dagger            |     3 |    12 |    40 |     1 ||    56
 Cast: Ensorcelled Hiber |       |    12 |    20 |     2 ||    34
       Dazzling Spray    |       |     2 |    21 |       ||    23
       Confuse           |       |       |     7 |       ||     7
       Passwall          |       |       |     2 |       ||     2
       Stoneskin         |       |       |     1 |       ||     1
  Use: Scroll            |       |       |     8 |       ||     8
       Potion            |       |       |     1 |     2 ||     3
 Stab: Sleeping          |     1 |     7 |    13 |     1 ||    22
       Invisible         |       |     1 |     5 |       ||     6
